 Dungeon Crawl Stone Soup version 0.29-a0-330-g52719c12eb (webtiles) character file.

Game seed: 13732305860946708406

1963 kae the Firebug (level 9, -3/58 HPs)
             Began as an Octopode Fire Elementalist on Apr 18, 2022.
             Was an Initiate of Ashenzari.
             Slain by a boulder beetle (9 damage)
             ... on level 7 of the Dungeon.
             The game lasted 00:05:10 (9790 turns).

kae the Firebug (Octopode Fire Elementalist)        Turns: 9790, Time: 00:05:11

Health: -3/58      AC:  3    Str:  8    XL:     9   Next: 19%
Magic:  8/15       EV: 16    Int: 26    God:    Ashenzari [......]
Gold:   281        SH:  0    Dex: 21    Spells: 11/17 levels left

rFire   x . .      SeeInvis .   p - +5 mace "Hotinem" {vorpal, rF- rCorr Int+3 Dex+3}
rCold   . . .      Faith    .   (no shield)
rNeg    + . .      Spirit   .   (helmet restricted)
rPois   .          Reflect  .   (no amulet)
rElec   .          Harm     .   k - +6 ring of dexterity
rCorr   +          Rampage  .   l - ring of resist corrosion
Will    .....                   f - ring of positive energy
Stlth   +++++.....              (no ring)
HPRegen 0.19/turn               (no ring)
MPRegen 0.14/turn               (no ring)
                                (no ring)
                                (no ring)

@: no status effects
A: almost no armour, amphibious, 8 rings, camouflage 1, gelatinous body 1,
(nimble swimmer 1), tentacles, iridescent scales 1, clever 1
a: Renounce Religion, Curse Item


You were on level 7 of the Dungeon.
You worshipped Ashenzari.
Ashenzari was noncommittal.
You visited 2 branches of the dungeon, and saw 8 of its levels.

You collected 281 gold pieces.

Inventory:

Hand Weapons
 j - a +0 dagger
 p - the +5 mace "Hotinem" (weapon) {vorpal, rF- rCorr Int+3 Dex+3}
   (You found it on level 5 of the Dungeon)

   It inflicts extra damage upon your enemies.
   Int:       It affects your intelligence (+3).
   Dex:       It affects your dexterity (+3).
   rF:        It makes you vulnerable to fire.
   rCorr:     It protects you from acid and corrosion.
Jewellery
 f - a ring of positive energy (on tentacle)
 k - a +6 ring of dexterity (left tentacle)
 l - a ring of resist corrosion (right tentacle)
Wands
 e - a wand of iceblast (19)
 r - a wand of polymorph (9)
 s - a wand of paralysis (25)
Scrolls
 c - 3 scrolls of identify
 d - 4 scrolls of silence
 h - a scroll of magic mapping
 n - a scroll of enchant armour
 u - 2 scrolls of fog
 v - a scroll of acquirement {unknown}
Potions
 a - a potion of magic
 b - 2 potions of curing
 g - a potion of degeneration
 i - 3 potions of berserk rage
 m - a potion of resistance
 o - a potion of cancellation
 q - a potion of lignification
 t - a potion of flight


   Skills:
 + Level 4.2 Fighting
 + Level 4.8 Dodging
 + Level 6.6 Stealth
 + Level 4.5 Spellcasting
 + Level 4.3 Conjurations
 * Level 6.8 Fire Magic


You had 11 spell levels left.
You knew the following spells:

 Your Spells              Type           Power      Damage    Failure   Level
a - Foxfire               Conj/Fire      100%       2x1d9     1%          1
b - Scorch                Fire           82%        2d9       1%          2
c - Conjure Flame         Conj/Fire      35%        6-21      2%          3

Your spell library contained the following spells:

 Spells                   Type           Power      Damage    Failure   Level
 Inner Flame              Hex/Fire       23%        N/A       6%          3
 Flame Wave               Conj/Fire      35%        2d8       8%          4
 Apportation              Tloc           10%        N/A       9%          1
 Slow                     Hex            20%        N/A       9%          1
 Blink                    Tloc           10%        N/A       12%         2
 Corpse Rot               Necr/Air       10%        N/A       12%         2
 Poisonous Vapours        Pois/Air       10%        N/A       12%         2
 Confusing Touch          Hex            5%         N/A       24%         3
 Lesser Beckoning         Tloc           5%         N/A       24%         3
 Ozocubu's Armour         Ice            5%         N/A       24%         3
 Teleport Other           Tloc           5%         N/A       24%         3
 Tukima's Dance           Hex            5%         N/A       24%         3
 Vampiric Draining        Necr           5%         2d6       24%         3
 Animate Dead             Necr           2%         N/A       63%         4
 Passage of Golubria      Tloc           5%         N/A       63%         4
 Borgnjor's Vile Clutch   Necr/Erth      2%         N/A       92%         5
 Metabolic Englaciation   Hex/Ice        2%         N/A       92%         5
 Yara's Violent Unravell  Hex/Tmut       2%         3d3       92%         5
 Death Channel            Necr           2%         N/A       100%        6
 Simulacrum               Ice/Necr       2%         N/A       100%        6
 Malign Gateway           Summ/Tloc      2%         N/A       100%        7


Dungeon Overview and Level Annotations

Branches:
Dungeon (7/15)             Temple (1/1) D:6

Altars:
Ashenzari
Cheibriados
Dithmenos
Elyvilon
Gozag
Hepliaklqana
Kikubaaqudgha
Makhleb
Nemelex Xobeh
Okawaru
Qazlal
Ru
Sif Muna
Trog
Uskayaw
Vehumet
Wu Jian
Xom
Yredelemnul
Zin
The Shining One

Shops:
D:1 (!

Annotations:
D:5 1 runed translucent door, exclusion: ogre, Crazy Yiuf
D:7 Pikel


Innate Abilities, Weirdness & Mutations

You cannot wear most types of armour.
You are amphibious.
You can wear up to eight rings at the same time.
Your skin changes colour to match your surroundings (Stealth+).
Your rubbery body absorbs attacks. (AC +1, EV +1)
((You are camouflaged when in or above water. (Stealth+)))
You have tentacles for arms and can constrict up to eight enemies at once.
You are partially covered in iridescent scales. (AC +2)
Your mind is acute. (Int +2)


Message History

The fire begins to smoulder!
The fire ignites!
Casting: Conjure Flame (dangerous; 2% risk of failure)
Confirm with . or Enter, or press ? or * to list all spells.
The fire begins to smoulder!
The fire ignites!
You see here 5 poisoned darts.
There is a stone staircase leading up here.
Casting: Conjure Flame (dangerous; 2% risk of failure)
Confirm with . or Enter, or press ? or * to list all spells.
You conjure some foxfire!
The boulder beetle curls into a ball and begins rolling!
The foxfire hits the boulder beetle.
The boulder beetle is lightly wounded.
Casting: Foxfire (safe; 1% risk of failure)
Confirm with . or Enter, or press ? or * to list all spells.
You conjure some foxfire!
The foxfire hits the boulder beetle but does no damage.
The boulder beetle is lightly wounded.
The foxfire hits the boulder beetle.
The boulder beetle is lightly wounded.
The foxfire hits the boulder beetle!
The boulder beetle is lightly wounded.
Casting: Foxfire (safe; 1% risk of failure)
Confirm with . or Enter, or press ? or * to list all spells.
You conjure some foxfire!
The foxfire hits the boulder beetle but does no damage.
The boulder beetle is lightly wounded.
The foxfire hits the boulder beetle but does no damage.
The boulder beetle is lightly wounded.
The boulder beetle hits you!!!
Ouch! That really hurt!
* * * LOW HITPOINT WARNING * * *
The boulder beetle stops rolling and uncurls.
You see here 5 poisoned darts.
The boulder beetle bites you!
* * * LOW HITPOINT WARNING * * *
There is a stone staircase leading up here.
The boulder beetle bites you!
You die...

..) ... ..#....# #.. #..
##.......
#..##.####...##... . ##
#..#.##.##..####. ..#.#
#..#.#.....####..
.....####......##<..##..
......#.ยง...........##..
#..(B......).#..##.#
#..#@#)....)..##..#..
.... ###........#......
.... .)..............#
... ................#..
.. ............####..#..
. ...........## #####.
.........### # .....#..##
#..


You could see a boulder beetle.

Vanquished Creatures
  A wyvern (D:6)
  Menkaure (D:5)
  2 water moccasins (D:6)
  A black bear (D:5)
  An ice beast (D:7)
  2 centaurs (D:7)
  A lemure (D:6)
  3 phantoms
  A gnoll sergeant (D:5)
  3 necrophages
  3 scorpions
  3 hounds
  An orc priest (D:6)
  2 iguanas (D:5)
  An orc wizard (D:6)
  Robin (D:3)
  7 gnolls
  6 adders
  2 shadow imps
  An ufetubus (D:6)
  A worm (D:5)
  13 dart slugs
  6 orcs
  7 ball pythons
  7 endoplasms
  3 giant cockroaches
  8 hobgoblins
  9 jackals
  6 quokkas
  9 bats
  3 frilled lizards
  19 goblins
  5 kobolds
  A rat (D:3)
140 creatures vanquished.

Vanquished Creatures (others)
  412 foxfires
412 creatures vanquished.

Grand Total: 552 creatures vanquished

Notes
Turn   | Place    | Note
-------+----------+-------------------------------------------
     0 | D:1      | kae the Octopode Fire Elementalist began the quest for the
                  | Orb.
     0 | D:1      | Reached XP level 1. HP: 11/11 MP: 3/3
   292 | D:1      | Reached XP level 2. HP: 18/18 MP: 3/5
   381 | D:1      | Found Meva's Distillery.
  1329 | D:1      | Reached XP level 3. HP: 22/22 MP: 3/6
  1332 | D:1      | Learned a level 2 spell: Scorch
  1336 | D:1      | Learned a level 3 spell: Conjure Flame
  1364 | D:1      | Found Tapeg's Weapon Boutique.
  2144 | D:2      | Found a faded altar of an unknown god.
  2580 | D:3      | Reached skill level 1 in Fighting
  2580 | D:3      | Reached XP level 4. HP: 28/28 MP: 4/7
  3037 | D:3      | Noticed Robin
  3044 | D:3      | Gained mutation: Your mind is acute. (Int +2) [potion of
                  | mutation]
  3044 | D:3      | Gained mutation: You are partially covered in iridescent
                  | scales. (AC +2) [potion of mutation]
  3073 | D:3      | Killed Robin
  3426 | D:3      | Reached XP level 5. HP: 33/33 MP: 5/8
  3555 | D:3      | Found a radiant altar of Vehumet.
  3556 | D:3      | Found a shadowy altar of Dithmenos.
  3657 | D:3      | Found a shimmering blue altar of Sif Muna.
  3992 | D:4      | Noticed a phantom
  4004 | D:4      | Killed a phantom
  4005 | D:4      | Reached XP level 6. HP: 9/39 MP: 3/10
  5073 | D:5      | Entered Level 5 of the Dungeon
  5142 | D:5      | Noticed a black bear
  5161 | D:5      | Killed a black bear
  5176 | D:5      | Reached XP level 7. HP: 19/45 MP: 2/11
  5455 | D:5      | Reached skill level 5 in Fire Magic
  6462 | D:5      | Identified the +5 short sword of Menir {drain, rCorr}
  6475 | D:5      | Noticed Menkaure
  6482 | D:5      | Killed Menkaure
  6483 | D:5      | Reached skill level 5 in Stealth
  6483 | D:5      | Reached XP level 8. HP: 52/52 MP: 9/13
  6582 | D:5      | Found a runed translucent door.
  6583 | D:5      | Noticed Crazy Yiuf
  6666 | D:5      | Identified the +5 mace "Hotinem" {vorpal, rF- rCorr Int+3
                  | Dex+3}
  7535 | D:6      | Found a staircase to the Ecumenical Temple.
  8005 | Temple   | Entered the Ecumenical Temple
  8267 | Temple   | Became a worshipper of Ashenzari the Shackled
  8322 | D:6      | Noticed a wyvern
  8698 | D:6      | Reached XP level 9. HP: 58/58 MP: 9/15
  8741 | D:6      | Got Ruux's Handbook of Dislocation
  9162 | D:7      | Paralysed by a gnoll for 2 turns
  9559 | D:7      | Noticed Pikel
  9658 | D:7      | Noticed a boulder beetle
  9790 | D:7      | Slain by a boulder beetle

Illustrated notes

Levels and vault maps discovered:
D:1:      minmay_arrival_semitransparent, layout_loops_corners, serial_shops,
          shop, nicolae_shop_window_shopping
D:2:      layout_rooms, shapermc_ecumenical_altar_notcrosses
D:3:      layout_basic, nicolae_overflow_crystal_walls,
          nicolae_overflow_hidden_temple, kennysheep_nub, uniq_robin
D:4:      layout_gridville, minmay_misc_feat_pillars
D:5:      layout_loops_ring, minmay_fractal_squares_5, uniq_menkaure,
          uniq_crazy_yiuf_cottage
D:6:      kennysheep_slugbush, layout_basic, minmay_temple_entry_arrows,
          nicolae_zen_rock_garden
D:7:      layout_cave_pools, uniq_pikel
Temple:   dpeg_five_rooms_temple

Skill      XL: |  1  2  3  4  5  6  7  8  9 |
---------------+----------------------------+-----
Stealth        | 3 4 5 6 |  6.6
Fighting       | 1 2 3 4 |  4.2
Conjurations   | 2 3 4 |  4.3
Fire Magic     | 4 5 6 |  6.8
Dodging        | 3 4 |  4.8
Spellcasting   | 3 4 |  4.5

Action                   |  1- 3 |  4- 6 |  7- 9 || total
-------------------------+-------+-------+-------++-------
Melee: Unarmed           |    31 |       |       ||    31
       Constrict         |    13 |    18 |     5 ||    36
       Tentacles         |     7 |    17 |     6 ||    30
       Dagger            |    10 |    55 |    15 ||    80
       Punch             |       |     1 |       ||     1
       Mace              |       |       |    13 ||    13
 Cast: Foxfire           |    70 |    81 |    90 ||   241
       Scorch            |       |     2 |    42 ||    44
       Conjure Flame     |       |     1 |     4 ||     5
  Use: Scroll            |     5 |     3 |     5 ||    13
       Potion            |       |     8 |     2 ||    10
 Stab: Sleeping          |     2 |     2 |     1 ||     5
Armor: Skin              |    10 |    21 |    14 ||    45
Dodge: Dodged            |    54 |    78 |    71 ||   203

Table legend: (Time is in decaauts)
 A = Elapsed time spent in this place.
 B = Non-inter-level travel time spent in this place.
 C = Inter-level travel time spent in this place.
 D = Time resting spent in this place.
 E = Time spent auto-exploring this place.
 F = Levels seen in this place.
 G = Mean time per level.
                   A        B        C        D        E       F      G
               +--------+--------+--------+--------+--------+-----+--------+
         Total |   9804 |   9275 |    529 |    666 |   7367 |   8 | 1225.5 |
       Dungeon |   9512 |   9063 |    449 |    666 |   7168 |   7 | 1358.9 |
        Temple |    291 |    212 |     79 |      0 |    199 |   1 |  291.0 |
               +--------+--------+--------+--------+--------+-----+--------+

Top non-repeatable levels by time:
     D:6: 2499 daAuts
     D:1: 1768 daAuts
     D:5: 1551 daAuts
     D:4: 1354 daAuts
     D:3: 1285 daAuts
     D:2: 778 daAuts
  Temple: 291 daAuts
     D:7: 275 daAuts
